 Dungeon Crawl Stone Soup version 0.27.0-1-g7a089689b8 (webtiles) character file.

Game seed: 4411005581569052962

29 ZARRMARR the Grasshopper (level 3, -2/30 HPs)
             Began as a Ghoul Warper on Aug 8, 2021.
             Slain by a black bear (3 damage)
             ... on level 4 of the Dungeon.
             The game lasted 00:05:23 (1251 turns).

ZARRMARR the Grasshopper (Ghoul Warper)             Turns: 1251, Time: 00:05:24

Health: -2/30      AC:  4    Str: 14    XL:     3   Next: 16%
Magic:  4/4        EV: 11    Int:  8    God:
Gold:   34         SH:  0    Dex:  9    Spells: 3/5 levels left

rFire    . . .     SeeInvis .     - Unarmed
rCold    + . .     Faith    .   (no shield)
rNeg     + + +     Spirit   .   a - +0 leather armour
rPois    ∞         Reflect  .   (no helmet)
rElec    .         Harm     .   e - +0 cloak
rCorr    .         Rampage  .   (no gloves)
Will     .....                  (no boots)
Stlth    +.........             (no amulet)
HPRegen  0.00/turn              (no ring)
MPRegen  0.09/turn              (no ring)

@: inhibited regen
A: claws 1, cold resistance 1, negative energy resistance 3, inhibited
regeneration, torment resistance 2
a: no special abilities


You were on level 4 of the Dungeon.
You visited 1 branch of the dungeon, and saw 3 of its levels.

You collected 34 gold pieces.

Inventory:

Missiles
 c - 4 boomerangs of dispersal
 g - 23 stones (quivered)
Armour
 a - a +0 leather armour (worn)
 e - a +0 cloak (worn)
Scrolls
 b - a scroll of blinking
 d - a scroll of immolation
 f - a scroll of identify
 h - a scroll of fog


   Skills:
 + Level 2.4 Fighting
 + Level 1.0 Throwing
 + Level 1.1 Armour
 + Level 2.0 Dodging
 + Level 2.4 Unarmed Combat
 + Level 1.9 Spellcasting
 + Level 3.1 Translocations


You had 3 spell levels left.
You knew the following spells:

 Your Spells              Type           Power      Damage    Failure   Level
a - Blink                 Tloc           N/A        N/A       19%         2

Your spell library contained the following spells:

 Spells                   Type           Power      Damage    Failure   Level
 Gell's Gravitas          Tloc           2%         N/A       36%         3
 Lesser Beckoning         Tloc           2%         N/A       36%         3
 Teleport Other           Tloc           5%         N/A       36%         3
 Portal Projectile        Hex/Tloc       6%         N/A       56%         3
 Call Canine Familiar     Summ           0%         N/A       80%         3
 Manifold Assault         Tloc           5%         N/A       98%         5
 Leda's Liquefaction      Hex/Erth       0%         N/A       99%         4


Dungeon Overview and Level Annotations

Branches:
Dungeon (2/15)

Altars:

Annotations:
D:2 Sigmund


Innate Abilities, Weirdness & Mutations

You thrive by killing the living.
You are immune to poison.
You have sharp fingernails.
Your flesh is cold resistant. (rC+)
You are immune to negative energy. (rN+++)
You do not regenerate when monsters are visible.
You are immune to unholy pain and torment.


Message History

A black bear and a necrophage come into view.
The black bear growls angrily.
Found 17 stones and 5 gold pieces.
Found a stone staircase leading down.
You barely miss the black bear.
The necrophage hits you but does no damage.
The black bear misses you. The black bear barely misses you.
The black bear closely misses you.
You scratch the black bear but do no damage.
You scratch the black bear but do no damage.
The necrophage hits you. The black bear barely misses you.
The black bear claws you. The black bear barely misses you.
You completely miss the black bear. The necrophage hits you.
The black bear bites you but does no damage.
The black bear claws you.
The black bear claws you but does no damage.
You scratch the black bear.
The black bear is lightly wounded.
The black bear bites you but does no damage.
The black bear claws you. The black bear closely misses you.
The necrophage closely misses you.
You barely miss the black bear.
The black bear is lightly wounded.
The black bear misses you. The black bear claws you.
The black bear claws you but does no damage.
The necrophage hits you.
* * * LOW HITPOINT WARNING * * *
You claw the black bear!
The black bear is moderately wounded.
The black bear closely misses you. The black bear misses you.
The black bear claws you but does no damage.
The necrophage hits you.
* * * LOW HITPOINT WARNING * * *
A water moccasin skeleton comes into view.
You barely miss the black bear.
The black bear is moderately wounded.
The necrophage hits you but does no damage.
The black bear bites you.
* * * LOW HITPOINT WARNING * * *
The black bear claws you.
You die...

#######
##..>..##
##.......##
#.........#
#...(@h...#
#......n......
............###
.##.........#
##.......##
.........
..........Z
##.........##


You could see a black bear, a necrophage and a water moccasin skeleton.

Vanquished Creatures
  2 dart slugs
  3 ball pythons (D:1)
  4 endoplasms
  4 giant cockroaches (D:1)
  2 hobgoblins
  2 kobolds (D:1)
  A bat (D:1)
  2 frilled lizards (D:1)
  A rat (D:2)
21 creatures vanquished.

Notes
Turn   | Place    | Note
-------+----------+-------------------------------------------
     0 | D:1      | ZARRMARR the Ghoul Warper began the quest for the Orb.
     0 | D:1      | Reached XP level 1. HP: 17/17 MP: 2/2
   144 | D:1      | Reached skill level 3 in Translocations
   231 | D:1      | Reached XP level 2. HP: 24/25 MP: 3/3
   839 | D:1      | Reached skill level 1 in Armour
  1108 | D:2      | Reached skill level 1 in Throwing
  1108 | D:2      | Reached XP level 3. HP: 19/30 MP: 4/4
  1226 | D:2      | Learned a level 2 spell: Blink
  1238 | D:2      | Noticed Sigmund
  1243 | D:2      | You fall into a shaft and drop 2 floors!
  1243 | D:4      | Noticed a black bear
  1243 | D:4      | Noticed a necrophage
  1251 | D:4      | HP: 1/30 [black bear (3)]
  1251 | D:4      | Slain by a black bear

Illustrated notes

Levels and vault maps discovered:
D:1:      zelgadis_glass_arrival_small, layout_loops_ring
D:2:      layout_basic, hex_large, uniq_sigmund
D:4:      layout_rooms, minmay_misc_feat_ornament

Skill      XL: |  1  2  3 |
---------------+----------+-----
Translocations | 3 |  3.1
Armour         | 1 |  1.1
Throwing       | 1 |  1.0
Dodging        | 2 |  2.0
Fighting       | |  2.4
Unarmed Combat | |  2.4
Spellcasting   | |  1.9

Action                   || total
-------------------------++-------
Melee: Unarmed           ||    85
Throw: Boomerang         ||     1
       Stone             ||    18
  Use: Scroll            ||     2
Armor: Leather armour    ||    25
Dodge: Dodged            ||    44
